 Dungeon Crawl Stone Soup version 0.22.0-16-gc6d26f6 (webtiles) character file.

42 letownia2 the Insei (level 3, 0/27 HPs)
             Began as a Demonspawn Transmuter on Aug 17, 2018.
             Slain by Terence
             ... wielding a +0 hand axe
              (5 damage)
             ... on level 3 of the Dungeon.
             The game lasted 00:02:53 (572 turns).

letownia2 the Insei (Demonspawn Transmuter)          Turns: 572, Time: 00:02:54

Health: 0/27       AC:  3    Str: 11    XL:     3   Next: 35%
Magic:  15/15      EV: 12    Int: 14    God:
Gold:   40         SH:  0    Dex: 13    Spells: 5/6 levels left

rFire    . . .     SeeInvis .     - Unarmed
rCold    . . .     Gourm    .   (no shield)
rNeg     . . .     Faith    .   h - +0 leather armour
rPois    .         Spirit   .   (helmet restricted)
rElec    .         Reflect  .   (no cloak)
rCorr    .         Harm     .   (no gloves)
MR       .....                  (boots currently unavailable)
Stlth    +.........             (no amulet)
HPRegen  0.09/turn              c - ring of magical power
MPRegen  0.14/turn              (no ring)

@: appendage (expiring)
A: horns 1, talons 3
a: End Transformation


You were on level 3 of the Dungeon.
You were not hungry.
You had grown temporary talons.
You visited 1 branch of the dungeon, and saw 3 of its levels.

You collected 40 gold pieces.

Inventory:

Hand Weapons
 o - a +0 hunting sling
Missiles
 a - 12 arrows
 p - 21 stones (quivered)
Armour
 b - a +0 robe
 e - a +0 scale mail
 h - a +0 leather armour (worn)
Jewellery
 c - a ring of magical power (left hand)
Scrolls
 f - 2 scrolls of fog {unknown}
 g - a scroll of teleportation {unknown}
 k - a scroll of identify {unknown}
 l - a scroll of blinking {unknown}
 m - a scroll of remove curse {unknown}
Potions
 i - a potion of heal wounds {unknown}
 j - a potion of cancellation {unknown}
 n - a potion of curing {unknown}
Comestibles
 d - 2 rations


   Skills:
 + Level 1.9 Fighting
 - Level 1.7 Dodging
 + Level 3.7 Unarmed Combat
 - Level 2.0 Spellcasting
 - Level 1.7 Transmutations


You had 5 spell levels left.
You knew the following spells:

 Your Spells              Type           Power        Failure   Level  Hunger
a - Beastly Appendage     Tmut           #.....       16%         1    ##.....

Your spell library contained the following spells:

 Spells                   Type           Power        Failure   Level  Hunger
 Spider Form              Tmut/Pois      #.........   54%         3    ####...
 Blade Hands              Tmut           #.........   99%         5    ######.
 Ice Form                 Ice/Tmut       #.......     91%         4    #####..
 Sticks to Snakes         Tmut           #.......     22%         2    ###....


Dungeon Overview and Level Annotations

Branches:
Dungeon (3/15)

Altars:
Qazlal

Annotations:
D:3 Terence


Innate Abilities, Weirdness & Mutations

You have a pair of small horns on your head.
You have claws for feet.


Message History

Terence is lightly wounded.
Your transformation is almost over.
Terence hits you with a hand axe.
* * * LOW HITPOINT WARNING * * *
You hit Terence but do no damage. Your kick misses Terence.
Terence is lightly wounded.
You hit Terence but do no damage.
Terence is lightly wounded.
Terence closely misses you.
You hit Terence but do no damage. You headbutt Terence.
Terence is moderately wounded.
Terence hits you with a hand axe.
* * * LOW HITPOINT WARNING * * *
You hit Terence but do no damage.
Terence is moderately wounded.
Terence closely misses you.
You barely miss Terence. Your headbutt misses Terence.
Terence is moderately wounded.
Terence hits you with a hand axe.
You die...

# .#### ....#
#####################
....#.......#.......#
###.#.#####.#.#####.#
..#.#.#...#.#.#.@.#.#
#...#.#.#...#.#@#...#
#####)#.#####.#.#####
..(...#.......#.
################


You could see Terence.

Vanquished Creatures
  2 adders (D:2)
  An adder skeleton (D:2)
  A ball python (D:2)
  A giant cockroach (D:3)
  4 goblins
  A hobgoblin (D:2)
  4 jackals (D:3)
  2 bats
  A frilled lizard (D:2)
  3 kobolds
  2 rats (D:2)
22 creatures vanquished.

Notes
Turn   | Place    | Note
-------+----------+-------------------------------------------
     0 | D:1      | letownia2 the Demonspawn Transmuter began the quest for the Orb.
     0 | D:1      | Reached XP level 1. HP: 15/15 MP: 3/3
    43 | D:2      | Reached skill level 3 in Unarmed Combat
    43 | D:2      | Gained mutation: You have a pair of small horns on your head. [demonic ancestry]
    43 | D:2      | Reached XP level 2. HP: 19/21 MP: 5/5
   152 | D:2      | Found a stormy altar of Qazlal.
   226 | D:3      | Reached XP level 3. HP: 15/26 MP: 6/6
   558 | D:3      | Noticed Terence
   572 | D:3      | Slain by Terence

Skill      XL: |  1 |
---------------+----+-----
Unarmed Combat | 3 |  3.7
Fighting       | |  1.9
Dodging        | |  1.7
Spellcasting   | |  2.0
Transmutations | |  1.7

Action                   || total
-------------------------++-------
Melee: Unarmed           ||    85
       Kick              ||    17
       Headbutt          ||     6
       Punch             ||     1
 Cast: Beastly Appendage ||    12
 Stab: Sleeping          ||     1
Armor: Robe              ||     8
       Leather armour    ||    13
Dodge: Dodged            ||    46
